 Dungeon Crawl Stone Soup version 0.25-a0-310-g60f0ac2d9a (webtiles) character file.

Game seed: 1602718541832122390, levelgen mode: classic

37033 Borgoz the Protected (level 13, 0/124 HPs)
             Began as a Gargoyle Berserker on Dec 23, 2019.
             Was an Elder of Trog.
             Slain by a six-headed hydra (8 damage)
             ... on level 6 of the Lair of Beasts.
             The game lasted 00:25:32 (14004 turns).

Borgoz the Protected (Gargoyle Berserker)          Turns: 14004, Time: 00:25:33

Health: 0/124      AC: 20    Str: 32    XL:     13   Next: 94%
Magic:  13/13      EV: 19    Int:  8    God:    Trog [****..]
Gold:   841        SH:  0    Dex: 15    Spells: 12/12 levels left

rFire    + . .     SeeInvis .   b - +1 flail (freeze)
rCold    . . .     Gourm    .   (no shield)
rNeg     + + .     Faith    .   D - +4 ring mail of the Eternal Void {rF+ rN+ rCorr Str+5}
rPois    ∞         Spirit   .   K - +1 hat
rElec    +         Reflect  .   (no cloak)
rCorr    +         Harm     .   (no gloves)
MR       ++...                  (no boots)
Stlth    ..........             y - amulet of regeneration
HPRegen  1.70/turn              p - ring "Deownom" {rPois Dex+2 Stlth+}
MPRegen  0.13/turn              (no ring)

@: berserking (expiring), regenerating, very quick
A: deformed body, negative energy resistance 1, electricity resistance,
unbreathing, petrification resistance, rot immunity, AC +9
a: Berserk, Trog's Hand, Brothers in Arms, Renounce Religion


You were on level 6 of the Lair of Beasts.
You worshipped Trog.
Trog was greatly pleased with you.
You were near starving.

You visited 3 branches of the dungeon, and saw 17 of its levels.

You collected 923 gold pieces.
You spent 82 gold pieces at shops.

Inventory:

Hand Weapons
 a - a +3 war axe
 b - a +1 flail of freezing (weapon)
 C - a +5 battleaxe
 N - a +5 battleaxe of flaming
Missiles
 h - 2 throwing nets (quivered)
Armour
 D - the +4 ring mail of the Eternal Void (worn) {rF+ rN+ rCorr Str+5}
   (You found it on level 7 of the Dungeon)

   It affects your strength (+5).
   It protects you from fire.
   It protects you from negative energy.
   It provides partial protection from all sources of acid and corrosion.
 K - a +1 hat (worn)
 O - +0 steam dragon scales
Jewellery
 d - an uncursed ring of fire
 f - an uncursed ring of flight
 j - an uncursed amulet of the acrobat
 p - the ring "Deownom" (left hand) {rPois Dex+2 Stlth+}
   (You found it on level 1 of the Lair of Beasts)

   [ring of stealth]

   It affects your dexterity (+2).
   It protects you from poison.
   It makes you more stealthy.
 y - an amulet of regeneration (around neck)
 M - an uncursed ring of wizardry {unknown}
 P - an uncursed ring of ice {unknown}
Wands
 l - a wand of iceblast (16)
 m - a wand of paralysis (6)
 G - a wand of polymorph (37)
 H - a wand of enslavement (1)
 J - a wand of digging (15)
Scrolls
 e - 2 scrolls of enchant armour
 k - 7 scrolls of teleportation
 n - 3 scrolls of fog {unknown}
 o - 2 scrolls of remove curse
 r - a scroll of magic mapping {unknown}
 t - 2 scrolls of random uselessness {unknown}
 u - 3 scrolls of enchant weapon {unknown}
 A - 4 scrolls of amnesia {unknown}
 F - a scroll of acquirement {unknown}
 L - a scroll of blinking {unknown}
 Q - a scroll of vulnerability {unknown}
 S - a scroll of fear {unknown}
 V - 2 scrolls of identify
Potions
 g - 4 potions of curing
 i - 3 potions of agility
 q - 2 potions of haste
 s - 3 potions of magic {unknown}
 v - a potion of might
 w - a potion of lignification {unknown}
 x - 2 potions of flight {unknown}
 z - a potion of invisibility {unknown}
 B - a potion of mutation {unknown}
 E - 2 potions of heal wounds
 I - a potion of resistance
 R - a potion of brilliance {unknown}
 U - a potion of experience {unknown}
Comestibles
 c - 31 rations
 T - 30 chunks of flesh


   Skills:
 + Level 10.4 Fighting
 + Level 11.9 Axes
 + Level 13.6 Armour
 + Level 10.8 Dodging


You had 12 spell levels left.
You didn't know any spells.
Your spell library was empty.

Dungeon Overview and Level Annotations

Branches:
Dungeon (9/15)             Temple (0/1) D:6            Lair (6/6) D:9
 Shoals (0/4) Lair:4       Spider (0/4) Lair:4          Orc (2/2) D:9
  Slime: Lair:5-6       Elf: Orc:2

Altars:
Dithmenos
Elyvilon
Ru
Trog
Uskayaw
Xom
Beogh

Shops:
D:4 !%?*   D:6 =   D:9 *

Annotations:
D:4 3 runed translucent doors, tilp's ghost, amateur HuAr
Lair:5 2 runed translucent doors, Vabeppot's ghost, journeyman DrGl
Lair:6 exclusion: oklob plant


Innate Abilities, Weirdness & Mutations

You are resistant to torment.
Your stone body is resilient. (AC +9)
You are immune to poison.
You resist negative energy. (rN+)
You are resistant to electric shocks. (rElec)
You can survive without breathing.
You are immune to petrification.
You are immune to rotting.
Armour fits poorly on your strangely shaped body.


Message History

* * * LOW HITPOINT WARNING * * *
The six-headed hydra bites you.
* * * LOW HITPOINT WARNING * * *
The six-headed hydra bites you.
* * * LOW HITPOINT WARNING * * *
The six-headed hydra misses you.
You sock the water moccasin!
The water moccasin seems to slow down.
You freeze the water moccasin.
The water moccasin is moderately wounded.
You barely miss the six-headed hydra.
The six-headed hydra is heavily wounded.
The six-headed hydra is no longer moving slowly.
The water moccasin closely misses you.
You sock the six-headed hydra! You freeze the six-headed hydra.
The six-headed hydra is severely wounded.
The six-headed hydra bites you but does no damage.
The six-headed hydra bites you.
* * * LOW HITPOINT WARNING * * *
The six-headed hydra bites you!
You die...

≈≈#§§.##......#.........
≈§#≈...###...#..........
≈§§§..# ##..#.#...#(....
≈§§§... #.....÷.........
.....P# ##..#.÷÷........
....P.# #...###÷........
##.... #....#...........
≈ .. ..P.....P....P....
# ..........@.#...$.
≈.........SD......
≈.≈.≈.≈≈.≈≈.≈...
#.≈≈.#≈≈.#≈≈..≈≈
##≈≈##≈P#.≈≈##≈P


≈PP ≈≈≈ ≈≈≈≈ ≈ ≈≈ ##≈≈ #≈≈#≈ ≈≈≈ ≈≈≈≈ You could see a six-headed hydra and a
water moccasin.

Vanquished Creatures
  Harold (Orc:1)
  A catoblepas (Lair:5)
  2 hydras
  3 death yaks (D:9)
  An orc sorcerer (Orc:2)
  An oklob plant (Lair:2)
  A manticore (Lair:4)
  12 elephants
  4 black mambas
  11 spiny frogs
  6 komodo dragons
  A queen bee (Lair:3)
  A troll (D:9)
  Grinder (D:5)
  2 polar bears (Lair:6)
  A hornet (Lair:6)
  24 blink frogs
  3 hippogriffs
  A redback (Lair:4)
  A human (D:9)
  23 yaks
  3 wyverns
  3 basilisks
  A steam dragon (Lair:3)
  A hungry ghost (D:6)
  2 wargs
  10 water moccasins
  7 orc warriors
  8 porcupines
  2 ice beasts
  A necrophage (D:5)
  A phantom (D:9)
  A sky beast (D:8)
  6 wolves (Lair:2)
  3 ogres
  8 centaurs
  17 crocodiles
  8 bullfrogs
  2 scorpions
  9 wights
  30 killer bees
  A howler monkey (D:4)
  2 electric eels (Lair:5)
  6 crimson imps
  A quasit (D:8)
  4 orc priests
  2 jellies
  4 hounds
  3 iguanas
  12 orc wizards
  11 worker ants
  Ijyb (D:4)
  3 hell rats (D:9)
  2 hound skeletons (D:9)
  A worker ant zombie (D:7)
  8 gnolls
  7 adders
  2 shadow imps
  4 worms
  3 dart slugs
  4 leopard geckos
  43 orcs
  7 giant cockroaches
  5 goblins
  9 hobgoblins
  7 jackals
  6 quokkas
  6 bats
  9 frilled lizards
  A jackal zombie (D:5)
  10 kobolds
  11 rats
  3 plants (Lair:2)
422 creatures vanquished.

Vanquished Creatures (collateral kills)
  The ghost of Ilyunwota the Thaumaturge, a journeyman GnSk of Cheibriados (Lair:2)
1 creature vanquished.

Vanquished Creatures (others)
  A hippogriff (Lair:3)
  A fire vortex (Lair:6)
  4 fungi
  11 plants
  4 toadstools (D:1)
21 creatures vanquished.

Grand Total: 444 creatures vanquished

Notes
Turn   | Place    | Note
-------+----------+-------------------------------------------
     0 | D:1      | Borgoz the Gargoyle Berserker began the quest for the Orb.
     0 | D:1      | Reached XP level 1. HP: 14/14 MP: 1/1
   227 | D:1      | Reached XP level 2. HP: 16/19 MP: 2/2
   655 | D:1      | Reached XP level 3. HP: 23/23 MP: 3/3
  1038 | D:2      | HP: 1/36 [worm (9)]
  1538 | D:3      | Reached ** piety under Trog
  1541 | D:3      | Reached XP level 4. HP: 28/29 MP: 4/4
  1543 | D:3      | Reached skill level 3 in Armour
  1836 | D:3      | Found a sacrificial altar of Ru.
  1859 | D:3      | Reached XP level 5. HP: 25/33 MP: 5/5
  2629 | D:4      | Noticed Ijyb
  2642 | D:4      | Killed Ijyb
  2680 | D:4      | Reached XP level 6. HP: 28/39 MP: 6/6
  2780 | D:4      | Found Ajudgh's Magic Scroll Emporium.
  2789 | D:4      | Bought a scroll of identify for 26 gold pieces
  2935 | D:4      | Found Amuef's Food Shop.
  3248 | D:4      | Found Kafriwinla's General Store.
  3320 | D:4      | Found a runed translucent gate.
  3320 | D:4      | Found a runed translucent gate.
  3320 | D:4      | Found a runed translucent gate.
  3324 | D:4      | Noticed tilp's ghost (amateur HuAr)
  3359 | D:4      | Found Kerehot's Distillery.
  3369 | D:4      | Bought a potion of might for 56 gold pieces
  3396 | D:4      | Reached skill level 4 in Armour
  3475 | D:5      | Entered Level 5 of the Dungeon
  3514 | D:5      | Reached skill level 5 in Fighting
  3514 | D:5      | Reached XP level 7. HP: 44/44 MP: 7/7
  3919 | D:5      | Found a hide-covered altar of Uskayaw.
  3984 | D:5      | Noticed Grinder
  4022 | D:5      | Killed Grinder
  4022 | D:5      | Reached skill level 5 in Armour
  4174 | D:5      | Reached XP level 8. HP: 51/51 MP: 8/8
  4246 | D:5      | Reached *** piety under Trog
  4310 | D:5      | Reached skill level 5 in Axes
  4845 | D:6      | Reached skill level 6 in Armour
  4897 | D:6      | Found Jufom's Jewellery Boutique.
  4990 | D:6      | Reached XP level 9. HP: 56/56 MP: 9/9
  5241 | D:6      | Found a shimmering altar of Xom.
  5244 | D:6      | Found a shimmering altar of Xom.
  5245 | D:6      | Found a shimmering altar of Xom.
  5254 | D:6      | Reached skill level 5 in Dodging
  5262 | D:6      | Found a shimmering altar of Xom.
  5262 | D:6      | Found a shimmering altar of Xom.
  5272 | D:6      | Found a staircase to the Ecumenical Temple.
  5640 | D:7      | Got a steaming ring mail
  5689 | D:7      | Identified the +4 ring mail of the Eternal Void {rF+ rN+
                  | rCorr Str+5} (You found it on level 7 of the Dungeon)
  5840 | D:7      | Reached **** piety under Trog
  5889 | D:7      | Reached skill level 7 in Armour
  6842 | D:9      | Reached XP level 10. HP: 62/64 MP: 10/10
  6952 | D:9      | Reached skill level 8 in Armour
  7117 | D:9      | Found a roughly hewn altar of Beogh.
  7117 | D:9      | Found a staircase to the Orcish Mines.
  7305 | D:9      | Noticed a death yak
  7308 | D:9      | Noticed a death yak
  7356 | D:9      | Killed a death yak
  7380 | D:9      | Noticed a death yak
  7393 | D:9      | HP: 1/64 [death yak (13)]
  7434 | D:9      | Killed a death yak
  7434 | D:9      | Reached skill level 9 in Armour
  7447 | D:9      | Killed a death yak
  7669 | D:9      | Found Axodwot's General Store.
  7924 | D:9      | Found a staircase to the Lair.
  7989 | D:9      | Found a shadowy altar of Dithmenos.
  7999 | D:9      | Reached XP level 11. HP: 52/68 MP: 11/11
  8105 | D:9      | Found a white marble altar of Elyvilon.
  8365 | Orc:1    | Entered Level 1 of the Orcish Mines
  8382 | Orc:1    | Reached skill level 10 in Armour
  8520 | Orc:1    | Noticed Harold
  8537 | Orc:1    | Killed Harold
  8592 | Orc:1    | Found a bloodstained altar of Trog.
  8623 | Orc:2    | Entered Level 2 of the Orcish Mines
  8623 | Orc:2    | Noticed an orc sorcerer
  8624 | Orc:2    | Paralysed by an orc sorcerer for 2 turns
  8680 | Orc:2    | Gained mutation: Armour fits poorly on your strangely
                  | shaped body. [a neqoxec]
  8682 | Orc:2    | Killed an orc sorcerer
  8689 | Orc:2    | Noticed an orc knight
  8796 | Lair:1   | Entered Level 1 of the Lair of Beasts
  9397 | Lair:1   | Reached skill level 11 in Armour
  9477 | Lair:1   | Got an ancient tin ring
  9873 | Lair:1   | Identified the ring "Deownom" {rPois Dex+2 Stlth+} (You
                  | found it on level 1 of the Lair of Beasts)
 10018 | Lair:2   | Reached XP level 12. HP: 51/73 MP: 12/12
 10198 | Lair:2   | Reached ***** piety under Trog
 10198 | Lair:2   | Received a gift from Trog
 10198 | Lair:2   | Reached skill level 10 in Axes
 10335 | Lair:2   | Noticed a five-headed hydra
 10370 | Lair:2   | Killed a five-headed hydra
 10509 | Lair:2   | Found a runed translucent door.
 10510 | Lair:2   | Noticed Ilyunwota's ghost (journeyman GnSk)
 11035 | Lair:2   | Killed Ilyunwota's ghost
 11107 | Lair:3   | Reached skill level 12 in Armour
 12155 | Lair:4   | Found a staircase to the Shoals.
 12166 | Lair:4   | Reached skill level 10 in Dodging
 12237 | Lair:4   | Found a hole to the Spider Nest.
 12250 | Lair:4   | Reached XP level 13. HP: 61/80 MP: 13/13
 12980 | Lair:5   | Reached skill level 13 in Armour
 13023 | Lair:5   | Received a gift from Trog
 13474 | Lair:5   | Found a large runed translucent door.
 13474 | Lair:5   | Found a large runed translucent door.
 13475 | Lair:5   | Noticed Vabeppot's ghost (journeyman DrGl)
 13706 | Lair:6   | Entered Level 6 of the Lair of Beasts
 13754 | Lair:6   | Reached skill level 10 in Fighting
 13904 | Lair:6   | HP: 4/123 [elephant (13)]
 14004 | Lair:6   | Slain by a six-headed hydra

Levels and vault maps discovered:
D:1:      ldierk_walled_garden_2, layout_basic
D:2:      layout_basic
D:3:      layout_basic, nicolae_ru_great_annihilating_truth
D:4:      layout_rooms, serial_shops, shop, kennysheep_little_box, shop, shop,
          gammafunk_ghost_split, uniq_ijyb
D:5:      layout_cave_pods, first_ration, basic_altar, corexii_shack,
          hangedman_decor_push, uniq_grinder
D:6:      layout_rooms, minmay_temple_entry_junction, serial_shops, shop,
          xom_redecorated
D:7:      layout_basic
D:8:      layout_loops_cross
D:9:      layout_long_grid, nicolae_dithmenos_the_darkroom, dpeg_lair_monsters,
          david_orc_5, serial_shops, nicolae_shop_behind_doors, grunt_pizzeria,
          lemuel_centaur_altar
Lair:1:   layout_layer_cave, infiniplex_staircase_pool_2
Lair:2:   layout_regular_city, hellmonk_ghost_happy_afterlife,
          minmay_lair_oklob_chamber
Lair:3:   layout_misc_corridors, special_room [special_room_bee]
Lair:4:   layout_cave_shapes, minmay_shoals_entry_beasts,
          spider_nest_entry_rubble, grunt_forest_small_clearings,
          infiniplex_staircase_pool
Lair:5:   layout_hall_layers, ebering_ghost_disaster_area, serial_bayou_lake_a,
          lemuel_fruit_tree
Lair:6:   gammafunk_lair_ancient_temple, layout_gridlike,
          dpeg_slime_entry_corner, serial_rivers, chequers_serial_rivers_marsh,
          chequers_serial_rivers_room_b, chequers_serial_rivers_large_b,
          chequers_serial_rivers_micro_b, special_room [special_room_jelly],
          dpeg_oklob_1, uniq_nessos, uniq_urug
Orc:1:    layout_caves, basic_altar, uniq_harold
Orc:2:    grunt_orc_tribal_feast, layout_diamond_mine, mines1_david

Skill      XL: |  1  2  3  4  5  6  7  8  9 10 11 12 13 |
---------------+----------------------------------------+-----
Axes           | 3 4 5 6 8 9 11 | 11.9
Dodging        | 2 3 4 6 7 8 10 | 10.8
Armour         | 3 4 5 6 7 9 11 12 13 | 13.6
Fighting       | 4 5 6 8 10 | 10.4

Action                   |  1- 3 |  4- 6 |  7- 9 | 10-12 | 13-15 || total
-------------------------+-------+-------+-------+-------+-------++-------
Melee: Hand axe          |   122 |   180 |   461 |     6 |       ||   769
       War axe           |       |       |       |   724 |   252 ||   976
       Flail             |       |       |       |    13 |    16 ||    29
Throw: Throwing net      |       |     1 |       |     2 |       ||     3
Invok: Berserk           |     2 |     3 |    10 |    11 |     6 ||    32
       Trog's Hand       |       |       |       |    10 |     4 ||    14
       Brothers in Arms  |       |       |       |     1 |       ||     1
Evoke: Wand              |       |       |       |    26 |       ||    26
  Use: Scroll            |       |     7 |     3 |     3 |       ||    13
       Potion            |       |       |       |     4 |     2 ||     6
 Stab: Sleeping          |     2 |       |       |     1 |     1 ||     4
       Paralysed         |       |     3 |       |       |       ||     3
       Invisible         |       |     1 |       |       |       ||     1
  Eat: Ration            |     1 |       |       |     2 |       ||     3
       Chunk             |       |     8 |    26 |    28 |    11 ||    73
Armor: Animal skin       |    37 |    42 |       |       |       ||    79
       Ring mail         |       |    13 |   161 |   401 |   120 ||   695
       Scale mail        |       |       |    75 |       |       ||    75
       Skin              |       |       |       |     3 |       ||     3
Dodge: Dodged            |    80 |   125 |   370 |   895 |   283 ||  1753

Table legend:
 A = Non-vault XP
 B = Vault XP
 C = Vault XP percentage of total XP
 D = Non-vault monster count
 E = Vault monster count
 F = Vault count percentage of total count
                 A         B        C        D         E       F
            +---------+---------+-------+---------+---------+-------
      Total |   40725 |   12180 |  23.0 |     339 |      82 |  19.5
            +---------+---------+-------+---------+---------+-------
        D:1 |      34 |       0 |   0.0 |      20 |       0 |   0.0
        D:2 |      44 |       0 |   0.0 |      19 |       0 |   0.0
        D:3 |     123 |      53 |  30.1 |      28 |       4 |  12.5
        D:4 |     246 |      35 |  12.5 |      12 |       1 |   7.7
        D:5 |     695 |     283 |  28.9 |      28 |       2 |   6.7
        D:6 |    1284 |       0 |   0.0 |      34 |       0 |   0.0
        D:7 |     581 |       0 |   0.0 |      13 |       0 |   0.0
        D:8 |    1242 |       0 |   0.0 |      20 |       0 |   0.0
        D:9 |    1251 |    4181 |  77.0 |      23 |      35 |  60.3
     Lair:1 |    5319 |       0 |   0.0 |      23 |       0 |   0.0
     Lair:2 |    5320 |    1241 |  18.9 |      25 |       2 |   7.4
     Lair:3 |    5104 |    1800 |  26.1 |      24 |      25 |  51.0
     Lair:4 |    2323 |     996 |  30.0 |       8 |       3 |  27.3
     Lair:5 |    9584 |       0 |   0.0 |      31 |       0 |   0.0
     Lair:6 |    6445 |    2526 |  28.2 |      24 |       8 |  25.0
      Orc:1 |     380 |    1065 |  73.7 |       5 |       2 |  28.6
      Orc:2 |     750 |       0 |   0.0 |       2 |       0 |   0.0
            +---------+---------+-------+---------+---------+-------
